 Dungeon Crawl Stone Soup version 0.27.1-34-g3ba077fa99 (webtiles) character file.

Game seed: 17374166071577910076

11 comborobin the Sneak (level 2, 0/27 HPs)
             Began as a Hill Orc Delver on Jan 6, 2022.
             Slain by a bullfrog skeleton (3 damage)
             ... on level 4 of the Dungeon.
             The game lasted 00:00:56 (390 turns).

comborobin the Sneak (Hill Orc Delver)               Turns: 390, Time: 00:00:57

Health: 0/27       AC:  3    Str: 14    XL:     2   Next: 25%
Magic:  2/2        EV: 11    Int: 10    God:
Gold:   0          SH:  0    Dex: 12    Spells: 1/1 levels left

rFire    . . .     SeeInvis .   a - +0 hand axe
rCold    . . .     Faith    .   (no shield)
rNeg     . . .     Spirit   .   b - +0 leather armour
rPois    .         Reflect  .   (no helmet)
rElec    .         Harm     .   (no cloak)
rCorr    .         Rampage  .   (no gloves)
Will     .....                  (no boots)
Stlth    +.........             (no amulet)
HPRegen  0.09/turn              (no ring)
MPRegen  0.08/turn              (no ring)

@: very slow
A: no striking features
a: no special abilities


You were on level 4 of the Dungeon.
You visited 1 branch of the dungeon, and saw 3 of its levels.

Inventory:

Hand Weapons
 a - a +0 hand axe (weapon)
Armour
 b - a +0 leather armour (worn)
Wands
 g - a wand of digging (3)
Scrolls
 c - a scroll of fog
 e - a scroll of fear


   Skills:
 + Level 3.7 Fighting
 + Level 2.8 Axes
 + Level 1.6 Dodging
 + Level 4.4 Stealth


You had one spell level left.
You didn't know any spells.
Your spell library was empty.

Dungeon Overview and Level Annotations

Branches:
Dungeon (6/15)
 Temple: D:4-7

Altars:

Annotations:
D:4 Sigmund


Message History

The goblin shoots a stone.
The stone hits you but does no damage.
Found a stone staircase leading down.
The goblin shoots a stone.
The stone completely misses you.
There is a stone staircase leading down here.
A giant cockroach comes into view.
You enter the shallow water.
Moving in this stuff is going to be slow.
The bullfrog skeleton hits you but does no damage.
The bullfrog skeleton hits you.
* * * LOW HITPOINT WARNING * * *
The bullfrog skeleton hits you but does no damage.
The giant cockroach splashes around in the water.
You hit the giant cockroach.
The giant cockroach is moderately wounded.
You barely miss the bullfrog skeleton. The bullfrog skeleton hits you.
* * * LOW HITPOINT WARNING * * *
The giant cockroach closely misses you.
You are too injured to fight recklessly!
You hit the giant cockroach but do no damage.
The giant cockroach is moderately wounded.
You hit the bullfrog skeleton.
The bullfrog skeleton barely misses you.
The giant cockroach splashes around in the water.
You are too injured to fight recklessly!
You are too injured to fight recklessly!
You barely miss the giant cockroach.
The giant cockroach is moderately wounded.
You hit the bullfrog skeleton. The bullfrog skeleton hits you.
* * * LOW HITPOINT WARNING * * *
The giant cockroach closely misses you.
The bullfrog skeleton hits you but does no damage.
You are too injured to fight recklessly!
Unknown command.
You are too injured to fight recklessly!
You closely miss the giant cockroach.
The giant cockroach is moderately wounded.
You hit the bullfrog skeleton.
The giant cockroach bites you but does no damage.
The bullfrog skeleton hits you.
You die...

*######...####***** ***,,,*
*#......>Z...# *,*,*
##.####...##.###### *,*,*
.#.#####.###.##...# *,*,*
.....[?.........#.# *,*,*
.#..#.##.###.##...# *,*,*
...#...#.# #.###.## *** *,*<*
..#..#@#.# #.###Z##****≈***,*,*
.#..#..#.###.##≈@≈#≈≈≈≈≈≈**,*,*
...#.g.)...$.##≈B≈#≈≈*≈≈≈**,*,*
..#..#.#.#######≈##≈≈**≈**,,*,*
.#..#.).......,#≈#≈≈≈≈*≈*****,*
...#...g.#####*#≈#≈≈∩≈*≈*****,*
..#..#.....,,,*#≈#*≈≈**≈**,,,,*
.#..#...####***≈≈≈****≈≈≈******
...#....#******≈≈≈≈≈≈≈≈≈≈*
..#..#...,,,,,**≈******≈**


You could see a giant cockroach and a bullfrog skeleton.

Vanquished Creatures
  An adder (D:4)
  2 goblins (D:4)
3 creatures vanquished.

Notes
Turn   | Place    | Note
-------+----------+-------------------------------------------
     0 | D:5      | comborobin the Hill Orc Delver began the quest for the Orb.
     0 | D:5      | Reached XP level 1. HP: 19/19 MP: 1/1
     1 | D:6      | Noticed a bullfrog
    23 | D:5      | Noticed a necrophage
    59 | D:5      | Noticed a water moccasin
   119 | D:4      | Reached XP level 2. HP: 7/27 MP: 2/2
   358 | D:4      | Noticed Sigmund
   390 | D:4      | Slain by a bullfrog skeleton

Illustrated notes

Levels and vault maps discovered:
D:4:      layout_loops_ring, mainiacjoe_overflow_paths,
          mainiacjoe_overflow_catwalk, gammafunk_ghost_arena,
          gup_sewer_entry_bubbles, supply_closet_lemuel,
          minmay_misc_feat_diagonals, uniq_sigmund
D:5:      layout_gridville
D:6:      cheibrodos_steamvent, layout_gridville, kennysheep_generic_room_10,
          uniq_grinder

Action                   || total
-------------------------++-------
Melee: Hand axe          ||    20
  Use: Scroll            ||     1
       Potion            ||     1
Armor: Leather armour    ||    11
Dodge: Dodged            ||    21
